cohdb
Replays
Latest Replays
All Replays
Popular Replays
Top Player Replays
Match Explorer
How It Works
Community
CoH3 Stats
Reddit
Sign in to upload your games and track your stats! →
Sign in with Steam
Match 39593648
Unlisted
Match 39593648
Overview
Messages
Build Orders
End
Construct Infanterie Kompanie
Selects Terror Battlegroup
Selects Machine Gun Camouflage
MG 42 Machine Gun Team
Grenadier Squad
Grenadier Squad
Construct Panzergrenadier Kompanie
251 Medium Carrier
Panzergrenadier Squad
Selects Contempt for the Weak
251 Medium Carrier
Panzergrenadier Squad
Construct Panzer Kompanie
Sturmpanzer IV Brummbär
Selects Defend the Fatherland
Side Skirts
Forward Retreat Point
Defend the Fatherland
Pioneer Squad
wila
LittleFatty233
Mihono Bourbon
XwX
Get over yourself
돈이사라지는마술
wula
1738720734
0
0
Comments
sign in to comment!
No comments posted yet!